 Dungeon Crawl Stone Soup version 0.31-a0-845-g9abc20d24f (webtiles) character file.

Game seed: 8062159727768079511

3292 pokeman the Thaumaturge (level 9, 0/52 HPs)
             Began as a Deep Elf Hedge Wizard on Oct 2, 2023.
             Was a Follower of Vehumet.
             Slain by a yak (11 damage)
             ... on level 8 of the Dungeon.
             The game lasted 00:17:34 (8662 turns).

pokeman the Thaumaturge (Deep Elf Hedge Wizard)     Turns: 8662, Time: 00:17:34

Health: 0/52       AC: 11    Str:  7    XL:     9   Next: 69%
Magic:  12/27      EV: 13    Int: 24    God:    Vehumet [*.....]
Gold:   349        SH:  0    Dex: 20    Spells: 19/33 levels left

rFire   . . .        l - +2 dagger (venom)
rCold   + . .        (no shield)
rNeg    . . .        c - +3 leather armour {rC+}
rPois   .            q - +0 helmet
rElec   .            (no cloak)
rCorr   .            (no gloves)
SInv    .            (no boots)
Will    .....        (no amulet)
Stlth   ++           y - +6 ring of dexterity
HPRegen 0.28/turn    z - +4 ring of protection
MPRegen 0.20/turn

%: no passive effects
@: no status effects
A: no striking features
a: Renounce Religion


You were on level 8 of the Dungeon.
You worshipped Vehumet.
Vehumet was aware of your devotion.
You visited 1 branch of the dungeon, and saw 8 of its levels.

You collected 349 gold pieces.

Inventory:

Hand Weapons
 l - a +2 dagger of venom (weapon)
Missiles
 F - a curare-tipped dart
 G - 2 throwing nets
Armour
 c - a +3 leather armour of cold resistance (worn)
 q - a +0 helmet (worn)
 D - +0 steam dragon scales
 I - +0 acid dragon scales
Magical Staves
 m - a staff of air
Jewellery
 x - an amulet of faith
 y - a +6 ring of dexterity (left hand)
 z - a +4 ring of protection (right hand)
Wands
 a - a wand of flame (18)
 t - a wand of mindburst (13)
Scrolls
 e - a scroll of amnesia {unknown}
 g - a scroll of brand weapon {unknown}
 h - 5 scrolls of identify {unknown}
 k - 4 scrolls of fog {unknown}
 n - 2 scrolls of silence {unknown}
 p - a scroll of poison {unknown}
 r - a scroll of vulnerability {unknown}
 s - 2 scrolls of noise {unknown}
 A - 2 scrolls of summoning {unknown}
 B - a scroll of teleportation {unknown}
Potions
 b - 3 potions of attraction {unknown}
 d - 2 potions of magic
 f - 2 potions of brilliance {unknown}
 i - 2 potions of resistance {unknown}
 j - a potion of haste {unknown}
 o - 2 potions of curing {unknown}
 u - a potion of enlightenment {unknown}
 v - a potion of berserk rage {unknown}
 w - a potion of lignification {unknown}
 C - 2 potions of ambrosia {unknown}
 E - a potion of might {unknown}
 H - a potion of heal wounds {unknown}


   Skills:
 + Level 4.0 Fighting
 - Level 3.0 Armour
 - Level 3.0 Dodging
 - Level 3.0 Stealth
 * Level 12.8 Spellcasting
 + Level 7.2 Conjurations
 - Level 1.1 Summonings
 - Level 1.1 Translocations
 + Level 2.6 Fire Magic
 - Level 1.0 Air Magic
 - Level 1.0 Poison Magic
 - Level 1.0 Evocations


You had 19 spell levels left.
You knew the following spells:

 Your Spells              Type           Power      Damage    Failure   Level
a - Magic Dart            Conj           100%       1d8       1%          1
b - Mephitic Cloud        Conj/Pois/Air  30%        N/A       4%          3
c - Call Imp              Summ           40%        N/A       5%          2
d - Blink                 Tloc           40%        N/A       5%          2
e - Starburst             Conj/Fire      19%        6d7       75%         6

Your spell library contained the following spells:

 Spells                   Type           Power      Damage    Failure   Level
 Shock                    Conj/Air       100%       1d9       1%          1
 Dazzling Flash           Conj/Hex       64%        N/A       4%          3
 Lesser Beckoning         Tloc           40%        N/A       5%          2
 Slow                     Hex            60%        N/A       6%          1
 Cigotuvi's Dreadful Rot  Necr/Pois/Air  36%        N/A       7%          2
 Ensorcelled Hibernation  Hex/Ice        30%        N/A       9%          2
 Jinxbite                 Hex            30%        N/A       9%          2
 Volatile Blastmotes      Fire/Tloc      48%        2d14      9%          3
 Gell's Gravitas          Tloc           20%        N/A       11%         3
 Teleport Other           Tloc           20%        N/A       11%         3
 Confusing Touch          Hex            15%        N/A       17%         3
 Frozen Ramparts          Ice            30%        1d5       17%         3
 Sigil of Binding         Hex            15%        N/A       17%         3
 Vampiric Draining        Necr           15%        2d7       17%         3
 Anguish                  Hex/Necr       7%         N/A       50%         4
 Petrify                  Tmut/Erth      15%        N/A       50%         4
 Metabolic Englaciation   Hex/Ice        7%         N/A       85%         5
 Dispersal                Tloc           10%        N/A       99%         6
 Maxwell's Capacitive Co  Air            10%        ∞         100%        8


Dungeon Overview and Level Annotations

Branches:
Dungeon (8/15)             Temple (0/1) D:6
   Lair: D:8-11

Altars:
Gozag
Makhleb
Nemelex Xobeh
Ru
Trog
Vehumet
Wu Jian
Zin
The Shining One

Shops:
D:1 (   D:4 (   D:5 (

Annotations:
D:3 1 runed translucent door, Grinder; taxman66's ghost, amateur KoEn


Message History

The orc warrior is engulfed in noxious fumes.
The orc warrior appears confused.
Casting: Magic Dart (safe; 1% risk of failure)
Confirm with . or Enter, or press ? or * to list all spells.
Aiming: Magic Dart (safe; 1% risk of failure)
Press: ? - help, Shift-Dir - straight line, f/p - orc warrior
Aim: an orc warrior, wielding a +0 battleaxe and wearing a +0 plate armour (almost dead, confused, 100% to hit)
The magic dart hits the orc warrior but does no damage.
The orc warrior is almost dead.
The yak is engulfed in noxious fumes.
Casting: Magic Dart (safe; 1% risk of failure)
Confirm with . or Enter, or press ? or * to list all spells.
Aiming: Magic Dart (safe; 1% risk of failure)
Press: ? - help, Shift-Dir - straight line, f/p - orc warrior
Aim: an orc warrior, wielding a +0 battleaxe and wearing a +0 plate armour (almost dead, confused, 100% to hit)
The magic dart hits the orc warrior but does no damage.
The orc warrior is almost dead.
The yak is engulfed in noxious fumes.
The yak appears confused.
Casting: Magic Dart (safe; 1% risk of failure)
Confirm with . or Enter, or press ? or * to list all spells.
Aiming: Magic Dart (safe; 1% risk of failure)
Press: ? - help, Shift-Dir - straight line, f/p - orc warrior
Aim: an orc warrior, wielding a +0 battleaxe and wearing a +0 plate armour (almost dead, confused, 100% to hit)
The magic dart hits the orc warrior but does no damage.
The orc warrior is almost dead.
Unknown command.
You hit the orc warrior but do no damage.
The orc warrior is poisoned.
The orc warrior is almost dead.
You strike the helpless orc warrior from behind!
You hit the orc warrior.
The orc warrior looks as sick as possible!
The orc warrior is almost dead.
You kill the orc warrior!
Vehumet accepts your kill. The yak barely misses you.
You hit the yak.
The yak is poisoned.
The yak is almost dead.
The yak gores you!
You die...

## #. #.# ##.###
##....### ###.......#
### # ###.........## ..
.## #........@Y..##
#.♣~~~.
#...>.........###..~~P ♣
.......<.)..#.))#..♣~~~.
..##........###†).......
##.....†.# ##........
##......# #......>.
###....# #........
###..# #........ ####
....<....


You could see a yak (confused, very poisoned).

Vanquished Creatures
  Eustachio (D:4)
  4 yaks (D:8)
  A steam dragon (D:7)
  An acid dragon (D:8)
  A water moccasin (D:6)
  An orc warrior (D:8)
  A sky beast (D:7)
  4 black bears
  2 centaurs (D:6)
  A phantom (D:6)
  A kobold brigand (D:7)
  A gnoll sergeant (D:7)
  2 scorpions
  6 wights
  A crimson imp (D:5)
  4 hounds
  A gnoll bouda (D:4)
  2 jellies
  Jessica (D:2)
  A sleepcap (D:6)
  Natasha (thrice) (D:2)
  2 iguanas
  6 orc wizards
  8 gnolls
  14 adders
  3 worms
  3 dart slugs
  26 orcs
  5 ball pythons
  5 endoplasms
  3 giant cockroaches
  6 goblins
  9 hobgoblins
  2 jackals (D:1)
  9 bats
  4 frilled lizards
  8 kobolds
  A rat (D:2)
154 creatures vanquished.

Notes
Turn   | Place    | Note
-------+----------+-------------------------------------------
     0 | D:1      | pokeman the Deep Elf Hedge Wizard began the quest for the
                  | Orb.
     0 | D:1      | Reached XP level 1. HP: 10/10 MP: 7/7
   268 | D:1      | Reached XP level 2. HP: 16/16 MP: 7/9
   372 | D:1      | Found Wufiopey's Weapon Boutique.
   553 | D:1      | Found a faded altar of an unknown god.
  1200 | D:2      | Reached skill level 5 in Spellcasting
  1359 | D:2      | Reached XP level 3. HP: 16/20 MP: 8/11
  1367 | D:2      | Learned a level 3 spell: Mephitic Cloud
  1370 | D:2      | Learned a level 2 spell: Call Imp
  1373 | D:2      | Learned a level 2 spell: Blink
  1373 | D:2      | Noticed Natasha
  1446 | D:2      | Killed Natasha
  1447 | D:2      | Reached skill level 1 in Fighting
  1447 | D:2      | Reached skill level 1 in Armour
  1630 | D:2      | Reached XP level 4. HP: 25/25 MP: 10/13
  1755 | D:2      | Noticed Natasha
  1766 | D:2      | Killed Natasha
  1996 | D:2      | Noticed Jessica
  2002 | D:2      | Killed Jessica
  2003 | D:2      | Reached skill level 6 in Spellcasting
  2101 | D:2      | Noticed Natasha
  2110 | D:2      | Killed Natasha
  2111 | D:2      | Reached XP level 5. HP: 17/29 MP: 8/15
  2378 | D:3      | Noticed Grinder
  2451 | D:3      | Found a runed translucent door.
  2516 | D:3      | Found a sparkling altar of Nemelex Xobeh.
  2517 | D:3      | Found an opulent altar of Gozag.
  2548 | D:3      | Found a glowing golden altar of the Shining One.
  2754 | D:3      | Noticed taxman66's ghost (amateur KoEn)
  2911 | D:3      | Found a bloodstained altar of Trog.
  3052 | D:4      | Found Peroniol's Weapon Boutique.
  3108 | D:4      | Reached skill level 1 in Poison Magic
  3152 | D:4      | Reached skill level 1 in Air Magic
  3152 | D:4      | Reached skill level 1 in Evocations
  3230 | D:4      | Reached XP level 6. HP: 34/34 MP: 13/17
  3368 | D:4      | Found a glowing silver altar of Zin.
  3520 | D:4      | Found an ornate altar of the Wu Jian Council.
  3648 | D:4      | Reached skill level 7 in Spellcasting
  3836 | D:4      | Noticed Eustachio
  3853 | D:4      | Killed Eustachio
  3910 | D:4      | Reached XP level 7. HP: 35/40 MP: 13/20
  3976 | D:4      | Reached skill level 8 in Spellcasting
  4674 | D:5      | Entered Level 5 of the Dungeon
  4972 | D:5      | Found Aceludgh's Antique Weapon Shop.
  5044 | D:5      | Found a radiant altar of Vehumet.
  5061 | D:5      | Reached skill level 9 in Spellcasting
  5061 | D:5      | Found a burning altar of Makhleb.
  5066 | D:5      | Became a worshipper of Vehumet
  5834 | D:5      | Reached XP level 8. HP: 31/44 MP: 20/23
  6134 | D:6      | Reached skill level 5 in Conjurations
  6202 | D:6      | Reached skill level 10 in Spellcasting
  6303 | D:6      | Found a staircase to the Ecumenical Temple.
  7078 | D:6      | Reached skill level 11 in Spellcasting
  7593 | D:7      | Reached XP level 9. HP: 50/50 MP: 22/26
  7954 | D:7      | Learned a level 6 spell: Starburst
  8093 | D:7      | Reached skill level 12 in Spellcasting
  8210 | D:7      | Reached * piety under Vehumet
  8210 | D:7      | Offered knowledge of Shock by Vehumet.
  8316 | D:7      | Found a sacrificial altar of Ru.
  8506 | D:8      | Reached skill level 1 in Fire Magic
  8623 | D:8      | Identified the +6 sling of the Bruised Xenops {antimagic,
                  | rC- Str+2 Dex+3}
  8662 | D:8      | Slain by a yak

Illustrated notes

Levels and vault maps discovered:
D:1:      scummos_arrival_simple_fountains, layout_basic,
          shapermc_ecumenical_altar_mp_highgroup, serial_shops,
          nicolae_shop_trees
D:2:      layout_basic, uniq_jessica, uniq_natasha
D:3:      layout_rooms, grunt_temple_overflow_opulence,
          mainiacjoe_overflow_concentric_impassable, trog_three_pillars_becter,
          hellmonk_ghost_happy_afterlife, uniq_grinder
D:4:      layout_layer_cave, nicolae_overflow_hidden_temple,
          nzn_wu_jian_contemplation, serial_shops, kennysheep_mini_moat,
          uniq_eustachio
D:5:      layout_gridville, grunt_temple_overflow_lords_of_destruction,
          serial_shops, shop, minmay_hedge_maze
D:6:      layout_cave_pods, minmay_temple_entry_antechambers
D:7:      layout_loops_ring, nicolae_ru_path_of_blood,
          chequers_serial_rivers_small_3
D:8:      layout_cave_pods, nicolae_overflow_crystal_walls, slow_altar_2,
          serial_bayou, serial_bayou_pond_e, serial_bayou_shore_a,
          serial_bayou_pond_e, serial_bayou_lagoon_a, minivault_1

Skill      XL: |  1  2  3  4  5  6  7  8  9 |
---------------+----------------------------+-----
Spellcasting   | 5 6 7 9 11 12 | 12.8
Fighting       | 1 2 3 4 |  4.0
Armour         | 1 2 3 |  3.0
Conjurations   | 2 3 4 6 7 |  7.2
Stealth        | 3 |  3.0
Dodging        | 3 |  3.0
Poison Magic   | 1 |  1.0
Air Magic      | 1 |  1.0
Evocations     | 1 |  1.0
Fire Magic     | 2 |  2.6
Summonings     | |  1.1
Translocations | |  1.1

Action                     |  1- 3 |  4- 6 |  7- 9 || total
---------------------------+-------+-------+-------++-------
  Melee: Dagger            |    14 |    17 |    93 ||   124
         Punch             |       |       |     3 ||     3
   Cast: Magic Dart        |    74 |   135 |   218 ||   427
         Mephitic Cloud    |     1 |     5 |    24 ||    30
         Call Imp          |     1 |       |     7 ||     8
         Blink             |       |       |     4 ||     4
  Evoke: Wand              |       |       |     2 ||     2
   Stab: Confused          |       |     1 |    17 ||    18
 Armour: Robe              |    20 |    19 |       ||    39
         Leather armour    |       |     3 |    80 ||    83
  Dodge: Dodged            |    18 |    20 |    72 ||   110

Table legend: (Time is in decaauts)
 A = Elapsed time spent in this place.
 B = Non-inter-level travel time spent in this place.
 C = Inter-level travel time spent in this place.
 D = Time resting spent in this place.
 E = Time spent auto-exploring this place.
 F = Levels seen in this place.
 G = Mean time per level.
                   A        B        C        D        E       F      G
               +--------+--------+--------+--------+--------+-----+--------+
         Total |   8669 |   8437 |    232 |    243 |   6954 |   8 | 1083.6 |
       Dungeon |   8669 |   8437 |    232 |    243 |   6954 |   8 | 1083.6 |
               +--------+--------+--------+--------+--------+-----+--------+

Top non-repeatable levels by time:
     D:4: 1671 daAuts
     D:6: 1501 daAuts
     D:1: 1188 daAuts
     D:5: 1174 daAuts
     D:7: 1161 daAuts
     D:2: 1155 daAuts
     D:3: 658 daAuts
     D:8: 158 daAuts
